 Dungeon Crawl Stone Soup version 0.30.0 (webtiles) character file.

Game seed: 13263504232961970288

14 Dani the Trooper (level 2, 19/24 HPs)
             Began as a Demonspawn Fighter on May 21, 2023.
             Quit the game on level 1 of the Dungeon.
             The game lasted 00:00:33 (138 turns).

Dani the Trooper (Demonspawn Fighter)                Turns: 138, Time: 00:00:34

Health: 19/24      AC:  8    Str: 16    XL:     2   Next: 27%
Magic:  2/2        EV:  8    Int:  9    God:
Gold:   0          SH:  4    Dex: 12    Spells: 1/1 levels left

rFire   . . .        a - +0 war axe
rCold   . . .        c - +0 buckler
rNeg    . . .        b - +0 scale mail
rPois   .            (no helmet)
rElec   .            (no cloak)
rCorr   .            (no gloves)
SInv    .            (no boots)
Will    .....        (no amulet) Stlth
                     (no ring)
HPRegen 0.24/turn    (no ring)
MPRegen 0.08/turn

%: no passive effects
@: no status effects
A: thin metallic scales 1
a: no special abilities


You were on level 1 of the Dungeon.
You visited 1 branch of the dungeon, and saw 1 of its levels.

Inventory:

Hand Weapons
 a - a +0 war axe (weapon)
Armour
 b - a +0 scale mail (worn)
 c - a +0 buckler (worn)
Scrolls
 e - 2 scrolls of identify {unknown}
 f - a scroll of vulnerability {unknown}
 g - a scroll of noise {unknown}
Potions
 d - a potion of might


   Skills:
 - Level 3.0 Fighting
 + Level 2.7 Axes
 - Level 2.6 Armour
 - Level 2.6 Shields


You had one spell level left.
You didn't know any spells.
Your spell library was empty.

Dungeon Overview and Level Annotations

Branches:
Dungeon (1/15)

Altars:

Shops:
D:1 [


Innate Abilities, Weirdness & Mutations

You are partially covered in thin metallic scales. (AC +2)


Message History

The rat is moderately wounded.
The rat barely misses you.
A rat is nearby!
You slash the rat!
You kill the rat!
f - a scroll labelled BEUSTE EWNE No target in view!
Key pressed, stopping explore.
No target in view!
A ball python comes into view.
A ball python is nearby!
Found Nusuupeme's Armour Shoppe.
A ball python is nearby!
A goblin comes into view. It is wielding a +0 club.
The goblin shouts!
You hear a bark!
The goblin moves out of view.
A ball python is nearby!
You barely miss the ball python. The ball python bites you.
The ball python grabs you. The ball python constricts you.
The ball python barely misses you. The ball python constricts you.
There are monsters nearby!
You slash the ball python!
You kill the ball python!
A goblin is nearby!
A goblin is nearby!
A jackal comes into view.
The jackal barks!
You hear a shout!
The goblin hits you with a +0 club.
A jackal comes into view.
There are monsters nearby!
The jackal barks!
You hit the goblin.
You kill the goblin!
You hear a shout!
A goblin comes into view. It is wielding a +0 dagger.
A jackal comes into view.
There are monsters nearby!
A hobgoblin comes into view.
Things that are here:
a +0 club; a goblin corpse You block the jackal's attack.
There are monsters nearby!
You hit the jackal.
You kill the jackal!
You hit the jackal. The jackal barely misses you.
The jackal bites you but does no damage.
There are monsters nearby!
You closely miss the jackal.
The jackal is heavily wounded.
You barely miss the jackal. The jackal barely misses you. The jackal bites you.
The jackal barely misses you. The jackal bites you.
There are monsters nearby!
You slash the jackal!
You kill the jackal!
You closely miss the jackal. The jackal bites you.
* * * LOW HITPOINT WARNING * * *
The jackal barely misses you.
You have reached level 2!
Your demonic ancestry asserts itself...
Thin metallic scales grow over part of your body.
The jackal attacks as you move away! The jackal bites you.
* * * LOW HITPOINT WARNING * * *
Found 17 gold pieces.
You hit the jackal.
You kill the jackal!
You hit the goblin.
You kill the goblin!
Unknown command.
The hobgoblin barely misses you.
You closely miss the hobgoblin.
The hobgoblin hits you but does no damage.
The hobgoblin barely misses you.
You slash the hobgoblin!
You kill the hobgoblin!
Unknown command.
No target in view!
No target in view!
No target in view!
No target in view!
Unknown command.
No target in view!
Unknown command.
Unknown command.
No target in view!
g - a scroll labelled UCZOEM UL ROSS
Things that are here:
a +0 dagger; a jackal corpse A kobold comes into view.
It is wielding a +0 dagger.
The kobold barely misses you.
You slash the kobold!
You kill the kobold!
No target in view!
No target in view!
No target in view!
Found 8 stones.
Found a stone staircase leading down.
A goblin comes into view. It is wielding a +0 dagger.
The goblin shouts!
There is an entrance to Nusuupeme's Armour Shoppe here.
Are you sure you want to abandon this character and quit the game? (Confirm with "yes".)

......##...†.#..#......
........................
.......###..............
....)...##....†.........
.>...............).###..
........)........#)###.#
........................
................#..##...
.......@#........#...#..
.(....###............# #
..... ................
.... ....########......
.g# #.#### #...##. . ..
...# #


You could see a goblin.

Vanquished Creatures
  2 goblins (D:1)
  A hobgoblin (D:1)
  3 jackals (D:1)
  A kobold (D:1)
  A quokka (D:1)
  2 ball pythons (D:1)
  A bat (D:1)
  A rat (D:1)
12 creatures vanquished.

Vanquished Creatures (others)
  17 plants (D:1)
17 creatures vanquished.

Grand Total: 29 creatures vanquished

Notes
Turn   | Place    | Note
-------+----------+-------------------------------------------
     0 | D:1      | Dani the Demonspawn Fighter began the quest for the Orb.
     0 | D:1      | Reached XP level 1. HP: 18/18 MP: 1/1
    24 | D:1      | Reached skill level 2 in Axes
   104 | D:1      | Found Nusuupeme's Armour Shoppe.
   117 | D:1      | Gained mutation: You are partially covered in thin metallic
                  | scales. (AC +2) [demonic ancestry]
   117 | D:1      | Reached XP level 2. HP: 15/24 MP: 2/2
   138 | D:1      | Quit the game

Illustrated notes

Levels and vault maps discovered:
D:1:      roderic_crop_circles_arrival_small, layout_rooms,
          dreamdust_ecumenical_altar_drowned_temple, serial_shops, shop,
          minmay_circled_x

Skill      XL: |  1 |
---------------+----+-----
Axes           | 2 |  2.7
Fighting       | |  3.0
Armour         | |  2.6
Shields        | |  2.6

Action                     || total
---------------------------++-------
  Melee: War axe           ||    31
 Armour: Scale mail        ||    15
  Dodge: Dodged            ||    14
  Block: Buckler           ||     7

Levels and vault maps discovered:
D:1:      roderic_crop_circles_arrival_small, layout_rooms,
          dreamdust_ecumenical_altar_drowned_temple, serial_shops, shop,
          minmay_circled_x

Table legend: (Time is in decaauts)
 A = Elapsed time spent in this place.
 B = Non-inter-level travel time spent in this place.
 C = Inter-level travel time spent in this place.
 D = Time resting spent in this place.
 E = Time spent auto-exploring this place.
 F = Levels seen in this place.
 G = Mean time per level.
                   A        B        C        D        E       F      G
               +--------+--------+--------+--------+--------+-----+--------+
         Total |    151 |    151 |      0 |      0 |     60 |   1 |  151.0 |
       Dungeon |    151 |    151 |      0 |      0 |     60 |   1 |  151.0 |
               +--------+--------+--------+--------+--------+-----+--------+

Top non-repeatable levels by time:
     D:1: 151 daAuts

Table legend:
 A = Kills in this place as a percentage of kills in the entire game.
 B = Kills by you in this place as a percentage of kills by you in the entire game.
 C = Kills by friends in this place as a percentage of kills by friends in the entire game.
 D = Other kills in this place as a percentage of other kills in the entire game.
 E = Experience gained in this place as a percentage of experience gained in the entire game.
 F = Experience gained in this place divided by the number of levels of this place that you have seen.
                   A       B       C       D       E      F
               +-------+-------+-------+-------+-------+----------------------
         Total | 100.0 | 100.0 |   N/A |   N/A | 100.0 |  20.0
       Dungeon | 100.0 | 100.0 |   N/A |   N/A | 100.0 |  20.0
               +-------+-------+-------+-------+-------+----------------------
